 Dungeon Crawl Stone Soup version 0.24.0-13-gcf9b3192b9 (webtiles) character file.

Game seed: 10595198254708333851, levelgen mode: deterministic

45434 Aviak the Unseen (level 14, -5/99 HPs)
             Began as an Octopode Enchanter on Nov 9, 2019.
             Was an Initiate of Gozag.
             Slain by a wyvern (16 damage)
             ... on level 6 of the Lair of Beasts.
             The game lasted 00:33:58 (18240 turns).

Aviak the Unseen (Octopode Enchanter)              Turns: 18240, Time: 00:33:58

Health: -5/99      AC:  2    Str:  9    XL:     14   Next: 33%
Magic:  22/22      EV: 29    Int: 22    God:    Gozag
Gold:   1769       SH:  6    Dex: 21    Spells: 12/24 levels left

rFire    + . .     SeeInvis .   o - +1 rapier of Malaise {drain, Dex+3}
rCold    . . .     Gourm    .   F - +0 buckler
rNeg     + . .     Faith    .   (helmet restricted)
rPois    .         Spirit   .   x - amulet of the acrobat
rElec    .         Reflect  .   S - +4 ring of intelligence
rCorr    .         Harm     .   E - +3 ring of evasion
MR       ++...                  d - ring of the Octopus King {rF+ AC+1 EV+1 Str+1 Int+1 Dex+1}
Stlth    ++++++++..             W - ring of positive energy
HPRegen  0.26/turn              M - ring of protection from magic
MPRegen  0.18/turn              (no ring)
                                (no ring)
                                (no ring)

@: lethally poisoned (-5 -> -88), about to teleport
A: almost no armour, stealthy swim, amphibious, 8 rings, constrict 8, camouflage
1, gelatinous body 1
a: Potion Petition, Call Merchant, Bribe Branch, Renounce Religion


You were on level 6 of the Lair of Beasts.
You worshipped Gozag.
Gozag was most pleased with you.
You were not hungry.

You visited 2 branches of the dungeon, and saw 17 of its levels.

You collected 4660 gold pieces.
You spent 1368 gold pieces at shops.
You paid 1523 gold pieces to Gozag.

Inventory:

Hand Weapons
 a - a +1 dagger
 o - the +1 rapier of Malaise (weapon) {drain, Dex+3}
   (You bought it in a shop on level 4 of the Dungeon)

   A truly terrible weapon, it drains the life of those it strikes.
   It affects your dexterity (+3).
 I - a +3 short sword of freezing
Armour
 F - a +0 buckler (worn)
Jewellery
 d - a ring of the Octopus King (on tentacle) {rF+ AC+1 EV+1 Str+1 Int+1 Dex+1}
   (You took it off an orc on level 5 of the Dungeon)

   [ring of protection from fire]

   It affects your AC (+1).
   It affects your evasion (+1).
   It affects your strength (+1).
   It affects your intelligence (+1).
   It affects your dexterity (+1).
   It protects you from fire.
 x - an amulet of the acrobat (around mantle)
 E - a +3 ring of evasion (right tentacle)
 M - a ring of protection from magic (on tentacle)
 S - a +4 ring of intelligence (left tentacle)
 W - a ring of positive energy (on tentacle)
Wands
 m - a wand of enslavement (28)
 n - a wand of digging (10)
 p - a wand of random effects (21)
 B - a wand of polymorph (5)
 J - a wand of disintegration (10)
 L - a wand of flame (30)
 N - a wand of clouds (3)
 P - a wand of paralysis (10)
Scrolls
 b - 4 scrolls of immolation
 i - 5 scrolls of identify
 k - 4 scrolls of magic mapping
 q - a scroll of vulnerability {!r}
 r - 10 scrolls of remove curse
 s - 4 scrolls of enchant armour {unknown}
 t - 7 scrolls of teleportation
 u - 4 scrolls of blinking {unknown}
 v - a scroll of enchant weapon {unknown}
 w - 2 scrolls of noise {unknown}
 y - a scroll of random uselessness {unknown}
 C - 4 scrolls of fog {unknown}
 G - 2 scrolls of amnesia {unknown}
 O - a scroll of brand weapon {unknown}
 R - a scroll of acquirement {unknown}
 V - a scroll of silence {unknown}
Potions
 c - 7 potions of curing
 e - 3 potions of degeneration {!q!q}
 f - a potion of haste
 g - 3 potions of lignification {!q}
 j - a potion of ambrosia
 l - 2 potions of cancellation
 D - 4 potions of might
 H - 2 potions of flight {unknown}
 K - a potion of brilliance
 Q - a potion of invisibility {unknown}
 T - 3 potions of agility
 U - a potion of berserk rage
Comestibles
 z - 17 rations


   Skills:
 + Level 10.3 Fighting
 - Level 9.1 Short Blades
 + Level 13.4 Dodging
 - Level 18.0 Stealth
 - Level 4.0 Shields
 + Level 5.5 Spellcasting
 - Level 2.2 Conjurations
 - Level 5.0 Hexes
 - Level 1.1 Ice Magic


You had 12 spell levels left.
You knew the following spells:

 Your Spells              Type           Power        Failure   Level  Hunger
a - Corona                Hex            ####...      1%          1    None
b - Ensorcelled Hibernat  Hex/Ice        ###...       4%          2    None
c - Confuse               Hex            ####....     3%          3    ##.....
d - Tukima's Dance        Hex            ####....     3%          3    ##.....
e - Dazzling Spray        Conj/Hex       ###...       6%          3    ##.....

Your spell library contained the following spells:

 Spells                   Type           Power        Failure   Level  Hunger
 Confusing Touch          Hex            ####..       1%          1    None
 Freeze                   Ice            ##..         6%          1    None
 Throw Frost              Conj/Ice       ##....       8%          2    None
 Animate Skeleton         Necr           N/A          10%         1    None
 Pain                     Necr           #...         10%         1    None
 Summon Small Mammal      Summ           #...         10%         1    None
 Ozocubu's Armour         Chrm/Ice       #.......     22%         3    ##.....
 Call Canine Familiar     Summ           #.......     28%         3    ##.....
 Gell's Gravitas          Tloc           #.........   28%         3    ##.....
 Recall                   Summ/Tloc      N/A          28%         3    ##.....
 Regeneration             Chrm/Necr      #.........   28%         3    ##.....
 Vampiric Draining        Necr           #.........   28%         3    ##.....
 Throw Icicle             Conj/Ice       ##......     43%         4    ####...
 Summon Ice Beast         Ice/Summ       #.......     58%         4    ####...
 Metabolic Englaciation   Hex/Ice        ###.......   58%         5    #####..
 Animate Dead             Necr           N/A          67%         4    ####...
 Petrify                  Tmut/Erth      #.......     67%         4    ####...
 Yara's Violent Unravell  Hex/Tmut       ###.......   67%         5    #####..
 Discord                  Hex            ####......   100%        8    #######


Dungeon Overview and Level Annotations

Branches:
Dungeon (11/15)            Temple (0/1) D:5            Lair (6/6) D:9
  Swamp (0/4) Lair:3       Spider (0/4) Lair:4        Slime (0/5) Lair:6
    Orc: D:9-12

Altars:
Cheibriados
Dithmenos
Elyvilon
Gozag
Nemelex Xobeh
Okawaru
Qazlal
Ru
Xom
Zin
Jiyva

Shops:
D:4 (   D:9 *   D:11 [   Lair:3 !

Annotations:
D:6 1 transporter
Lair:2 1 runed translucent door, Zapai's ghost, journeyman DgAr
Lair:6 4 runed translucent doors, Vicugh's ghost, journeyman GrEE


Innate Abilities, Weirdness & Mutations

You cannot wear most types of armour.
You are very stealthy in the water. (Stealth+)
You are amphibious.
You can wear up to eight rings at the same time.
You can use your tentacles to constrict eight enemies at once.
Your skin changes colour to match your surroundings (Stealth+).
Your rubbery body absorbs attacks. (AC +1, EV +1)


Message History

The wyvern closely misses you. The redback misses you.
The wolf spider completely misses you. x2
The guardian serpent casts a spell.
The spiny frog misses you. The black mamba misses you.
Unknown command.
Okay, then.
Okay, then.
You feel much better.
You feel sick. The wyvern completely misses you. The redback bites you.
* * * LOW HITPOINT WARNING * * *
You are lethally poisoned!
The redback poisons you! You block the wolf spider's attack.
The wolf spider bites you.
* * * LOW HITPOINT WARNING * * *
You are more poisoned.
The wolf spider poisons you! The black mamba bites you.
* * * LOW HITPOINT WARNING * * *
The spiny frog closely misses you. The wyvern bites you!
You die...
Your body crumbles into a pile of gold.

$ $ #.... #P...... ....
....##..P....# #...
...##........# ... ..##....P....#
#.. #.....#....# #.. $
#....###....# $ #.S ...## .....#
##.S## ## P.....# ...... ##.Ss@##
.......# #...... #...sFl#
........# ....... #......##
......... .[.P... ##......###
......... ...P..###[
#####....###..P....#. ..P.###...
#.[##...###.P..... ..###....#
####..##....###..... ..#....s##..
#..#...##.....#.....
..P....##...##..##...##....P....#


You could see a wolf spider, a guardian serpent, 2 black mambas, a spiny frog, a
wyvern and a redback.

Vanquished Creatures
  Kirke (Lair:6)
  4 hydras
  4 death yaks (Lair:3)
  Urug (Lair:6)
  Nergalle (Lair:1)
  A wolf spider (Lair:6)
  2 ugly things (D:11)
  8 elephants
  3 black mambas
  Psyche (D:11)
  A centaur zombie (D:11)
  A torpor snail (Lair:5)
  13 spiny frogs
  5 rime drakes
  9 komodo dragons
  4 polar bears
  4 hippogriffs
  2 hornets (Lair:6)
  13 blink frogs
  3 dream sheep (Lair:5)
  A redback (Lair:6)
  A tarantella (Lair:4)
  A shadow (D:11)
  28 yaks
  Eustachio (D:4)
  4 hogs
  10 wyverns
  3 basilisks
  7 porcupines
  14 water moccasins
  A hornet zombie (D:8)
  6 ice beasts
  An orc warrior (D:11)
  2 phantoms
  2 black bears
  2 sky beasts
  4 ogres
  A necrophage (D:11)
  23 wolves
  8 centaurs
  9 crocodiles
  4 big kobolds
  12 bullfrogs
  4 scorpions
  9 killer bees
  6 wights
  6 electric eels (Lair:3)
  A howler monkey (D:10)
  7 crimson imps
  A centaur skeleton (D:5)
  A quasit (D:7)
  A bullfrog skeleton (D:11)
  A bullfrog zombie (D:6)
  7 hounds
  3 jellies
  6 orc priests
  6 orc wizards
  4 worker ants
  An iguana (D:8)
  A killer bee zombie (D:8)
  A hound zombie (D:8)
  A hound skeleton (D:10)
  A howler monkey zombie (D:11)
  4 gnolls (D:8)
  10 adders
  A shadow imp (D:6)
  An ooze (D:1)
  2 adder skeletons
  3 worms (D:2)
  4 dart slugs
  9 leopard geckos
  36 orcs
  3 ball pythons
  4 bats
  6 giant cockroaches
  6 hobgoblins
  22 kobolds
  3 quokkas
  4 frilled lizards
  8 goblins
  2 leopard gecko zombies
  A quokka skeleton (D:6)
  27 rats
450 creatures vanquished.

Vanquished Creatures (others)
  6 fungi (Lair:6)
  3 plants
  2 withered plants (Lair:2)
11 creatures vanquished.

Grand Total: 461 creatures vanquished

Notes
Turn   | Place    | Note
-------+----------+-------------------------------------------
     0 | D:1      | Aviak the Octopode Enchanter began the quest for the Orb.
     0 | D:1      | Reached XP level 1. HP: 11/11 MP: 3/3
   342 | D:1      | Reached XP level 2. HP: 17/17 MP: 5/5
   718 | D:1      | Learned a level 2 spell: Ensorcelled Hibernation
   872 | D:1      | Reached XP level 3. HP: 21/21 MP: 6/6
   877 | D:1      | Learned a level 3 spell: Confuse
  1777 | D:2      | Reached XP level 4. HP: 27/27 MP: 7/7
  1816 | D:2      | Found an opulent altar of Gozag.
  1870 | D:2      | Became a worshipper of Gozag Ym Sagoz the Greedy
  2424 | D:3      | Reached skill level 5 in Stealth
  2562 | D:3      | Reached XP level 5. HP: 18/31 MP: 6/8
  3398 | D:4      | Found a stormy altar of Qazlal.
  3431 | D:4      | Reached XP level 6. HP: 23/36 MP: 9/9
  3436 | D:4      | Learned a level 3 spell: Dazzling Spray
  3547 | D:4      | Found a snail-covered altar of Cheibriados.
  3632 | D:4      | Reached skill level 6 in Stealth
  3910 | D:4      | Noticed Eustachio
  3924 | D:4      | Killed Eustachio
  3924 | D:4      | Reached XP level 7. HP: 37/41 MP: 7/10
  3925 | D:4      | Found Onlavof's Weapon Shoppe.
  3942 | D:4      | Bought the cursed +1 rapier of Malaise {drain, Dex+3} for
                  | 315 gold pieces
  4392 | D:5      | Entered Level 5 of the Dungeon
  4651 | D:5      | Reached skill level 7 in Stealth
  4651 | D:5      | Reached skill level 5 in Hexes
  5167 | D:5      | Reached skill level 1 in Conjurations
  5167 | D:5      | Reached skill level 1 in Ice Magic
  5167 | D:5      | Reached XP level 8. HP: 25/46 MP: 11/11
  5614 | D:5      | Found a staircase to the Ecumenical Temple.
  5656 | D:5      | Identified a ring of the Octopus King {rF+ AC+1 EV+1 Str+1
                  | Int+1 Dex+1}
  5878 | D:6      | Reached skill level 5 in Dodging
  5912 | D:6      | Found a sacrificial altar of Ru.
  5947 | D:6      | Reached skill level 8 in Stealth
  6020 | D:6      | Found a sparkling altar of Nemelex Xobeh.
  6020 | D:6      | Found a transporter.
  6021 | D:6      | Noticed a red ugly thing
  6122 | D:6      | Reached skill level 5 in Short Blades
  6141 | D:6      | Found a glowing silver altar of Zin.
  6449 | D:7      | Found a shimmering altar of Xom.
  6555 | D:7      | Identified the Papyrus of Enchanting Calling
  6712 | D:7      | Reached skill level 9 in Stealth
  6765 | D:7      | Reached XP level 9. HP: 51/51 MP: 12/12
  6835 | D:7      | Found a white marble altar of Elyvilon.
  7250 | D:8      | Reached skill level 13 in Stealth
  7250 | D:8      | Reached XP level 10. HP: 17/56 MP: 1/13
  7286 | D:8      | HP: 2/56 [poisoned by a water moccasin]
  7887 | D:8      | Found a shadowy altar of Dithmenos.
  7962 | D:8      | Reached skill level 1 in Fighting
  8430 | D:9      | Found an iron altar of Okawaru.
  8462 | D:9      | Found a staircase to the Lair.
  8493 | D:9      | Bought a scroll labeled AHYFFIM AVEEFA for 33 gold pieces
  8493 | D:9      | Bought a scroll of identify for 66 gold pieces
  8493 | D:9      | Bought a scroll of identify for 66 gold pieces
  8493 | D:9      | Bought a fuming inky potion for 29 gold pieces
  8493 | D:9      | Bought 2 scrolls labeled XOELI EKLO for 66 gold pieces
  8493 | D:9      | Bought a glowing short sword for 198 gold pieces
  8918 | D:10     | Entered Level 10 of the Dungeon
  9038 | D:10     | Reached skill level 1 in Shields
  9516 | D:10     | Reached XP level 11. HP: 66/66 MP: 14/14
 10222 | D:11     | Noticed a purple ugly thing
 10238 | D:11     | Killed a purple ugly thing
 10238 | D:11     | Reached skill level 10 in Dodging
 10238 | D:11     | Reached skill level 14 in Stealth
 10311 | D:11     | Found Giocvoz's Armour Shoppe.
 10429 | D:11     | Noticed Psyche
 10433 | D:11     | Killed Psyche
 10944 | D:11     | Noticed a cyan ugly thing
 10951 | D:11     | Killed a cyan ugly thing
 11187 | Lair:1   | Entered Level 1 of the Lair of Beasts
 11323 | Lair:1   | Reached skill level 5 in Fighting
 11422 | Lair:1   | Noticed Nergalle
 11434 | Lair:1   | Killed Nergalle
 11714 | Lair:1   | Found an opulent altar of Gozag.
 12011 | Lair:2   | Reached skill level 15 in Stealth
 12011 | Lair:2   | Reached XP level 12. HP: 57/77 MP: 11/15
 12016 | Lair:2   | Learned a level 3 spell: Tukima's Dance
 12458 | Lair:2   | Found a runed translucent door.
 12460 | Lair:2   | Noticed Zapai's ghost (journeyman DgAr)
 12489 | Lair:2   | Found a shimmering altar of Xom.
 12984 | Lair:3   | Noticed a death yak
 12984 | Lair:3   | Noticed a death yak
 13004 | Lair:3   | Killed a death yak
 13005 | Lair:3   | Noticed a death yak
 13005 | Lair:3   | Noticed a death yak
 13007 | Lair:3   | Killed a death yak
 13008 | Lair:3   | Killed a death yak
 13008 | Lair:3   | Reached skill level 16 in Stealth
 13041 | Lair:3   | Killed a death yak
 13091 | Lair:3   | Found a staircase to the Swamp.
 13859 | Lair:4   | Noticed a seven-headed hydra
 13891 | Lair:3   | Bought a potion of haste for 170 gold pieces
 13891 | Lair:3   | Bought a potion of agility for 68 gold pieces
 13891 | Lair:3   | Bought 3 potions of curing for 153 gold pieces
 13891 | Lair:3   | Bought a potion of curing for 51 gold pieces
 13891 | Lair:3   | Bought a potion of might for 68 gold pieces
 13891 | Lair:3   | Bought a potion of berserk rage for 85 gold pieces
 14153 | Lair:4   | Reached XP level 13. HP: 71/88 MP: 8/16
 14287 | Lair:4   | Found a hole to the Spider Nest.
 14957 | Lair:4   | Found an opulent altar of Gozag.
 14965 | Lair:4   | Reached skill level 17 in Stealth
 16998 | Lair:6   | Entered Level 6 of the Lair of Beasts
 17052 | Lair:6   | Noticed Kirke
 17265 | Lair:6   | Killed Kirke
 17312 | Lair:6   | Found a runed translucent door.
 17312 | Lair:6   | Found a viscous altar of Jiyva.
 17312 | Lair:6   | Found a staircase to the Slime Pits.
 17382 | Lair:6   | Reached XP level 14. HP: 90/98 MP: 12/20
 17657 | Lair:6   | Reached skill level 18 in Stealth
 17731 | Lair:6   | Reached skill level 10 in Fighting
 17773 | Lair:6   | Reached skill level 5 in Spellcasting
 17808 | Lair:6   | Found a runed translucent gate.
 17808 | Lair:6   | Found a runed translucent gate.
 17809 | Lair:6   | Found a runed translucent gate.
 17814 | Lair:6   | Noticed Vicugh's ghost (journeyman GrEE)
 18104 | Lair:6   | Noticed Urug
 18159 | Lair:6   | Killed Urug
 18240 | Lair:6   | Slain by a wyvern

Levels and vault maps discovered:
D:1:      lordsloth_arrival_two_stooges, layout_basic
D:2:      minmay_chambers_of_twos, layout_basic, grunt_gozag_breadcrumbs
D:3:      minmay_recursive_quarters, layout_loops_cross, first_ration,
          dk_noncrumbling_3, minmay_rat_hole
D:4:      layout_basic, grunt_qazlal_clouds, kennysheep_slug_shrine,
          serial_shops, shop_fountains, uniq_eustachio
D:5:      layout_basic, lemuel_temple_firewalk_b
D:6:      layout_loops_cross, overflow_temple_1_default, basic_altar,
          minmay_misc_feat_diagonals, grunt_nemelex_the_gamble
D:7:      layout_loops_cross, elyvilon_altar_4, kennysheep_mini, minivault_11,
          eino_tiny_chamber
D:8:      layout_basic, nicolae_dithmenos_through_a_glass_darkly
D:9:      layout_cave_pools, okawaru_metal_pillars_1_2, lair_entry_dummy,
          serial_column_ruins, column_ruins_columns_straight,
          column_ruins_grid_1, column_ruins_corridor_corner,
          column_ruins_corridor_dead_end, skrybe_limestone_x
D:10:     layout_long_grid
D:11:     layout_basic, serial_shops, nicolae_shop_crystal, blue_anna_alchemist
          [blue_anna_fruit_fields, blue_anna_fruit_fields], uniq_psyche
Lair:1:   layout_chaotic_city, basic_altar, uniq_nergalle
Lair:2:   layout_big_grid, gammafunk_ghost_grave, lemuel_altar_in_water2
Lair:3:   layout_gridlike, minmay_swamp_entry_eels, beast_lair_carwin_5,
          grunt_megastairs_1, serial_bayou_shore_a, infiniplex_staircase_pool
Lair:4:   layout_gridlike, spider_nest_entry_rubble, lemuel_centaur_altar,
          lemuel_fruit_fields, serial_bayou_shore_b
Lair:5:   layout_gridlike, grunt_megastairs_5
Lair:6:   hangedman_lair_tendril_chambers, layout_regular_city, slime_altar_2,
          gammafunk_ghost_split, minivault_23, uniq_kirke, uniq_urug

Skill      XL: |  1  2  3  4  5  6  7  8  9 10 11 12 13 14 |
---------------+-------------------------------------------+-----
Short Blades   | 2 3 4 5 9 |  9.1
Stealth        | 5 6 7 9 13 15 16 17 18 | 18.0
Dodging        | 3 4 5 9 10 12 13 | 13.4
Hexes          | 4 5 |  5.0
Conjurations   | 1 2 |  2.2
Ice Magic      | 1 |  1.1
Fighting       | 2 5 8 9 10 | 10.3
Shields        | 1 4 |  4.0
Spellcasting   | 4 5 |  5.5

Action                   |  1- 3 |  4- 6 |  7- 9 | 10-12 | 13-15 || total
-------------------------+-------+-------+-------+-------+-------++-------
Melee: Dagger            |    75 |   131 |     6 |       |       ||   212
       Constrict         |    16 |    25 |    29 |    60 |    41 ||   171
       Tentacles         |    10 |    17 |    24 |   107 |   101 ||   259
       Rapier            |       |       |   154 |   498 |   427 ||  1079
 Cast: Corona            |     1 |       |       |       |       ||     1
       Ensorcelled Hiber |     3 |     8 |     4 |    25 |    40 ||    80
       Confuse           |     1 |     1 |    11 |    33 |    39 ||    85
       Dazzling Spray    |       |       |     2 |    19 |    17 ||    38
Invok: Call Merchant     |       |       |       |     2 |       ||     2
Evoke: Wand              |       |       |       |     2 |     4 ||     6
  Use: Potion            |       |       |     6 |       |     3 ||     9
       Scroll            |       |       |     4 |     9 |     2 ||    15
 Stab: Sleeping          |    18 |    20 |    19 |    67 |    38 ||   162
       Distracted        |       |     2 |       |     7 |     4 ||    13
       Confused          |       |     2 |     4 |    15 |    15 ||    36
       Invisible         |       |       |     2 |     5 |     4 ||    11
  Eat: Chunk             |     3 |       |       |       |       ||     3
       Ration            |       |     2 |     4 |     8 |     6 ||    20
Armor: Skin              |     3 |     7 |    27 |     9 |     6 ||    52
Dodge: Dodged            |    44 |    61 |   113 |   408 |   472 ||  1098
Block: Buckler           |       |       |       |    96 |   126 ||   222
